 Dungeon Crawl Stone Soup version 0.20-a0-949-g916514f (webtiles) character file.

4970 krabocopter the Carver (level 10, 0/126 HPs)
             Began as a White Draconian Fighter on Apr 4, 2017.
             Succumbed to a soldier ant's poison
             ... on level 8 of the Dungeon.
             The game lasted 00:28:18 (9907 turns).

krabocopter the Carver (White Draconian Fighter)    Turns: 9907, Time: 00:28:19

Health: 0/126      AC: 25    Str: 19    XL:     10   Next: 28%
Magic:  14/14      EV:  2    Int: 13    God:
Gold:   450        SH: 15    Dex: 11    Spells: 15/15 levels left

rFire    . . .     SeeInvis .   a - +1 long sword
rCold    . . .     Gourm    .   b - +0 shield
rNeg     + + +     Faith    .   (armour unavailable)
rPois    +         Spirit   .   (helmet currently unavailable)
rElec    .         Reflect  +   (cloak currently unavailable)
rCorr    .         Harm     .   (gloves currently unavailable)
MR       .....     NoTele   +   (boots currently unavailable)
Stlth    +.........             e - +5 amulet of reflection
Regen    0.4/turn               (no ring)
MPRegen  0.2/turn               (no ring)

@: lethally poisoned (0 -> -18), tree-form
A: (breathe frost), unfitting armour, clever 1, (cold resistance 0), (shaggy fur
0), (cold-blooded), AC +7
a: no special abilities


You were on level 8 of the Dungeon.
You were hungry.
You were a tree.
You visited 2 branches of the dungeon, and saw 9 of its levels.

You collected 450 gold pieces.

Inventory:

Hand Weapons
 a - a +1 long sword (weapon)
 y - a +2 scythe of protection
Armour
 b - a +0 shield (worn)
Jewellery
 e - a +5 amulet of reflection (around neck)
 C - an uncursed ring of protection from fire {unknown}
Wands
 f - a wand of acid (6/15)
 p - a wand of confusion (22/48)
 q - a wand of paralysis (14/24)
Scrolls
 c - 2 scrolls of identify
 h - 2 scrolls of enchant armour
 j - 2 scrolls of recharging
 k - 2 scrolls of enchant weapon
 u - 4 scrolls of remove curse
 x - a scroll of magic mapping
 z - a scroll of immolation
 B - a scroll of random uselessness {unknown}
 E - a scroll of teleportation
Potions
 r - a potion of might
 s - a potion of magic
 t - a potion of invisibility {unknown}
 v - a potion of agility {unknown}
 A - a potion of haste {unknown}
Comestibles
 d - 7 bread rations
 g - 2 meat rations
 w - 3 royal jellies


   Skills:
 - Level 6.8 Fighting
 * Level 11.8 Long Blades
 + Level 4.8 Dodging
 - Level 6.0 Shields
 - Level 3.1 Spellcasting


You had 15 spell levels left.
You didn't know any spells.

Dungeon Overview and Level Annotations

Branches:
Dungeon (8/15)             Temple (1/1) D:4            Lair (0/6) D:8

Altars:
Ashenzari
Cheibriados
Dithmenos
Elyvilon
Fedhas
Gozag
Hepliaklqana
Kikubaaqudgha
Makhleb
Nemelex Xobeh
Okawaru
Qazlal
Ru
Sif Muna
Trog
Uskayaw
Vehumet
Wu Jian
Xom
Yredelemnul
Zin
The Shining One

Shops:
D:7 (


Innate Abilities, Weirdness & Mutations

((You can breathe waves of freezing cold.))
((You can buffet flying creatures when you breathe cold.))
((Your icy white scales are hard. (AC +7)))
You cannot fit into any form of body armour.
((Your flesh is cold resistant. (rC+)))
((You are cold-blooded and may be slowed by cold attacks.))
Your mind is acute. (Int +2)
((You are covered in fur. (AC +1)))


Message History

The soldier ant barely misses you.
You riposte.
You barely miss the soldier ant.
You take 4 damage, and have 4/84 hp.
As you read the scroll labeled SEFAUL VOAFU, it crumbles to dust.
You assume a fearsome visage.
The soldier ant looks frightened!
It was a scroll of fear.
* * * LOW HITPOINT WARNING * * *
You feel sick.
You take 2 damage, and have 2/84 hp.
Okay, then.
Okay, then.
Okay, then.
Okay, then.
It was a potion of lignification.
You turn into a tree.
Your roots penetrate the ground.
* * * LOW HITPOINT WARNING * * *
You feel sick.
You now have 2/126 hp.
It was a potion of flight.
Your roots keep you in place.
You die...

####### #..... #...## ##
#...#.#a# ########
#########...##.# #.......
#...........♣.#.# #######.
#.#########.##.#w#####.......
#..# #.# #####.##....... ##.#
### #.##....... #.########
######..#....... #..##....#
#..).).)..#..### ##.##....##
#.#####...#.##
#..#.....###.######....#
##.......##...........##


You could see a soldier ant (fleeing).

Vanquished Creatures
  The ghost of Paps the Cleaver, a novice MiFi (D:8)
  A hornet (D:8)
  Grinder (D:3)
  Sigmund (D:2)
  A soldier ant (D:8)
  3 ice beasts
  A black bear (D:7)
  4 orc warriors
  A sky beast (D:7)
  A necrophage (D:7)
  2 phantoms
  7 ogres
  2 centaurs
  A crocodile (D:8)
  4 bullfrogs
  A water moccasin zombie (D:8)
  5 killer bees (D:8)
  6 wights
  A howler monkey (D:6)
  3 crimson imps
  4 orc priests
  3 hounds
  2 jellies
  Ijyb (D:3)
  Terence (D:2)
  Natasha (thrice) (D:3)
  An iguana (D:7)
  5 orc wizards
  2 worker ants
  A killer bee zombie (D:8)
  16 adders
  A gnoll (D:1)
  A howler monkey skeleton (D:5)
  An ooze (D:4)
  An adder skeleton (D:6)
  3 worms
  3 dart slugs
  6 leopard geckos
  22 orcs
  7 bats
  6 giant cockroaches
  10 goblins
  4 hobgoblins
  8 jackals
  16 kobolds
  4 quokkas
  5 ball pythons
  5 frilled lizards
  A jackal skeleton (D:6)
  6 rats
196 creatures vanquished.

Notes
Turn   | Place    | Note
-------+----------+-------------------------------------------
     0 | D:1      | krabocopter the Draconian Fighter began the quest for the Orb.
     0 | D:1      | Reached XP level 1. HP: 19/19 MP: 1/1
   230 | D:1      | Reached XP level 2. HP: 27/27 MP: 2/2
   472 | D:1      | Reached skill level 3 in Long Blades
   472 | D:1      | Reached XP level 3. HP: 33/33 MP: 3/3
   818 | D:2      | Noticed Sigmund
   940 | D:3      | Found a glowing silver altar of Zin.
   947 | D:3      | Reached XP level 4. HP: 41/41 MP: 4/4
   985 | D:3      | Found a hide-covered altar of Uskayaw.
   985 | D:3      | Found a white marble altar of Elyvilon.
  1101 | D:3      | Noticed Ijyb
  1114 | D:3      | Paralysed by Ijyb for 6 turns
  1124 | D:3      | Paralysed by Ijyb for 5 turns
  1133 | D:3      | Paralysed by Ijyb for 7 turns
  1142 | D:3      | Killed Ijyb
  1396 | D:3      | Reached skill level 4 in Long Blades
  1426 | D:3      | Noticed Natasha
  1437 | D:3      | Killed Natasha
  1437 | D:3      | Reached XP level 5. HP: 30/47 MP: 5/5
  1611 | D:3      | Noticed Grinder
  1613 | D:3      | Paralysed by Grinder for 7 turns
  1631 | D:3      | Killed Grinder
  1631 | D:3      | Reached skill level 5 in Fighting
  1631 | D:3      | Reached skill level 5 in Long Blades
  1631 | D:3      | Reached XP level 6. HP: 5/56 MP: 6/6
  2060 | D:3      | Noticed Natasha
  2069 | D:3      | Killed Natasha
  2077 | D:3      | Noticed Natasha
  2084 | D:3      | Killed Natasha
  2408 | D:4      | Found a staircase to the Ecumenical Temple.
  2418 | Temple   | Entered the Ecumenical Temple
  2548 | D:4      | Reached skill level 6 in Long Blades
  2586 | D:4      | Your scales start taking on an icy white colour.
  2586 | D:4      | Reached XP level 7. HP: 63/63 MP: 7/7
  2586 | D:4      | Gained mutation: Your flesh is cold resistant. (rC+) [White Draconian growth]
  2966 | D:4      | Found an opulent altar of Gozag.
  3197 | D:2      | Noticed Terence
  3232 | D:2      | Killed Terence
  3597 | D:2      | Found a sparkling altar of Nemelex Xobeh.
  3799 | D:2      | Killed Sigmund
  4018 | D:5      | Entered Level 5 of the Dungeon
  4040 | D:5      | Reached skill level 7 in Long Blades
  4143 | D:5      | Found a sacrificial altar of Ru.
  4534 | D:5      | Gained mutation: You are frail. (-10% HP) [potion of mutation]
  4534 | D:5      | Gained mutation: You are clumsy. (Dex -2) [potion of mutation]
  4534 | D:5      | Gained mutation: You have large cloven feet. [potion of mutation]
  4535 | D:5      | Lost mutation: You are frail. (-10% HP) [potion of mutation]
  4535 | D:5      | Lost mutation: You are clumsy. (Dex -2) [potion of mutation]
  4535 | D:5      | Lost mutation: You have large cloven feet. [potion of mutation]
  4535 | D:5      | Gained mutation: You are covered in fur. (AC +1) [potion of mutation]
  4535 | D:5      | Gained mutation: Your mind is acute. (Int +2) [potion of mutation]
  4549 | D:5      | Reached XP level 8. HP: 66/71 MP: 8/8
  4922 | D:5      | Reached skill level 8 in Long Blades
  5538 | D:6      | Reached skill level 9 in Long Blades
  5894 | D:6      | Reached skill level 5 in Shields
  6452 | D:6      | Reached XP level 9. HP: 46/78 MP: 9/9
  7005 | D:7      | Found Hoselyg's Weapon Boutique.
  7063 | D:7      | Reached skill level 10 in Long Blades
  7147 | D:7      | Found an ornate altar of the Wu Jian Council.
  7223 | D:7      | Found a basalt altar of Yredelemnul.
  7223 | D:7      | Found a radiant altar of Vehumet.
  7906 | D:7      | Reached skill level 1 in Spellcasting
  8793 | D:8      | Reached skill level 11 in Long Blades
  8898 | D:8      | Noticed Paps's ghost (novice MiFi)
  8955 | D:8      | Killed Paps's ghost
  8955 | D:8      | Reached XP level 10. HP: 29/84 MP: 14/14
  9237 | D:8      | Found a staircase to the Lair.
  9904 | D:8      | HP: 4/84 [poisoned by a soldier ant]
  9907 | D:8      | Succumbed to a soldier ant's poison

Vault maps used:
D:1:      evilmike_arrival_crescent
D:2:      nicolae_overflow_crystal_walls, moated_statue, uniq_terence,
          uniq_sigmund
D:3:      lemuel_crystal_altar, amethyst_overflow_temple_binary, uniq_natasha,
          uniq_iyjb, uniq_grinder
D:4:      lemuel_coloured_pillars_altar, minmay_temple_entry_overgrown,
          first_bread
D:5:      nicolae_ru_path_of_blood
D:6:      kennysheep_potato
D:7:      kennysheep_little_box, gammafunk_temple_overflow_statue, serial_shops,
          nicolae_shop_statue_plus
D:8:      lair_entry_dummy, hangedman_pestilent_swarm
Temple:   nicolae_temple_great_sept

Skill      XL: |  1  2  3  4  5  6  7  8  9 |
---------------+----------------------------+-----
Fighting       | 4 5 6 |  6.8
Long Blades    | 3 4 5 6 7 9 11 | 11.8
Shields        | 5 6 |  6.0
Dodging        | 4 |  4.8
Spellcasting   | 3 |  3.1

Action                   |  1- 3 |  4- 6 |  7- 9 | 10-12 || total
-------------------------+-------+-------+-------+-------++-------
Melee: Long sword        |    91 |   127 |   519 |   101 ||   838
       Tailslap          |     9 |    12 |    81 |    16 ||   118
       Scythe            |       |       |    20 |       ||    20
 Abil: Breathe Frost     |       |       |    13 |     4 ||    17
Evoke: Wand              |       |       |     1 |       ||     1
  Use: Potion            |     1 |       |     9 |     3 ||    13
       Scroll            |       |     5 |     4 |     1 ||    10
 Stab: Sleeping          |     1 |       |       |       ||     1
       Distracted        |     1 |       |       |       ||     1
  Eat: Chunk             |       |     6 |    21 |     2 ||    29
       Fruit             |       |       |     2 |     2 ||     4
Armor: Skin              |    25 |    26 |   107 |    11 ||   169
Dodge: Dodged            |    36 |    34 |   158 |    36 ||   264
Block: Shield            |    81 |    87 |   300 |    77 ||   545
       Reflection        |     2 |     2 |     6 |     1 ||    11
       Other             |       |       |     9 |       ||     9
       Rpst.: Long sword |    11 |    10 |    37 |    12 ||    70
